Map: Acid Plant LE

Players

SpeCial - Winner!

  • Race: Terran Terran
  • Spawn Location: 11:00

Demi

  • Race: Zerg Zerg
  • Spawn Location: 5:00

Event: IEM Season 12 - PyeongChang

VOD

Have the link to the VOD?

Description

Time

  • Played on: Feb. 4, 2018, 11:43 p.m.
  • Length: 6:30

All games in this series

Show
View Real Time Build Order
Export as new Build Order

SpeCial Terran - Winner!

Build Orders: Liberator Opening, Reaper Expand 

Get SALT Encoding   

  12  0:00  SCV  
  13  0:12  SCV  
  14  0:17  Supply Depot  
  14  0:24  SCV  
  15  0:38  SCV  
  15  0:41  Barracks  
  16  0:45  Refinery  
  16  0:50  SCV  
  17  1:02  SCV  
  18  1:15  SCV  
  19  1:28  Reaper  
  19  1:29  Orbital Command  
  20  1:40  Command Center  
  20  1:50  Supply Depot  
  20  1:55  SCV  
  20  2:00  Marine  
  22  2:05  Factory  
  22  2:08  SCV  
  23  2:13  Refinery  
  23  2:20  SCV  
  24  2:22  Barracks Reactor  
  24  2:32  SCV  
  25  2:44  SCV  
  26  2:51  Starport  
  26  2:52  Orbital Command  
  26  2:57  SCV  
  27  3:04  Hellion x2  
  31  3:08  Barracks Tech Lab  
  31  3:09  SCV  
  32  3:19  SCV  
  33  3:21  SCV  
  33  3:25  Hellion x2  
  38  3:32  SCV  
  38  3:33  SCV, Viking  
  42  3:41  Supply Depot  
  42  3:44  SCV  
  42  3:45  SCV, Liberator  
  42  3:48  Stimpack  
  44  3:50  Hellion  
  50  4:02  SCV x2  
  50  4:03  Hellion  
  50  4:04  Supply Depot  
  53  4:14  SCV  
  53  4:16  Command Center  
  54  4:25  Marine  
  54  4:26  SCV  
  54  4:27  SCV  
  54  4:30  Supply Depot  
  57  4:32  Barracks  
  57  4:38  SCV  
  58  4:39  SCV  
  58  4:41  Factory Tech Lab  
  58  4:43  Marine  
  60  4:46  Barracks  
  60  4:48  Starport Reactor  
  60  4:50  SCV  
  60  4:51  SCV  
  62  5:01  Siege Tank, Engineering Bay x2, Marine  
  62  5:02  SCV  
  62  5:03  SCV  
  65  5:14  SCV  
  65  5:15  SCV  
  65  5:19  Marine  
  68  5:22  Refinery  
  68  5:23  Refinery, Supply Depot  
  68  5:26  SCV  
  68  5:27  SCV  
  60  5:29  Marine  
  60  5:30  Marine  
  60  5:35  Starport Reactor  
  62  5:37  Marine  
  62  5:38  SCV  
  62  5:39  SCV, Orbital Command  
  65  5:46  Marine x2  
  65  5:47  Marine x2  
  69  5:50  SCV  
  69  5:54  Supply Depot  
  69  5:55  Siege Tank, Marine  
  74  6:03  SCV, Marine x2  
  74  6:04  SCV  
  75  6:05  Marine x2  
  82  6:22  Bunker  
Show
View Real Time Build Order
Export as new Build Order

Demi Zerg 

Build Orders: Hatch First 

Get SALT Encoding   

  12  0:00  Drone  
  13  0:13  Overlord  
  13  0:17  Drone  
  14  0:31  Drone x2  
  16  0:35  Drone  
  17  0:51  Hatchery  
  17  0:55  Drone  
  17  0:59  Drone  
  18  1:09  Extractor  
  17  1:14  Spawning Pool  
  17  1:17  Drone  
  17  1:20  Drone  
  18  1:29  Drone  
  19  1:39  Overlord  
  19  1:50  Drone  
  20  2:00  Queen  
  22  2:01  Zergling x2  
  22  2:03  Queen  
  22  2:04  Zergling x2  
  26  2:09  Metabolic Boost  
  26  2:19  Drone x2  
  28  2:24  Overlord  
  28  2:39  Queen  
  28  2:43  Queen  
  31  2:46  Drone x2  
  31  2:47  Zergling x4  
  31  2:50  Drone  
  36  2:56  Overlord  
  36  2:58  Drone  
  37  3:12  Drone x2  
  39  3:13  Drone  
  39  3:14  Drone x2  
  39  3:15  Drone x2  
  39  3:17  Drone x2  
  46  3:32  Hatchery  
  45  3:34  Drone  
  45  3:41  Overlord, Drone x2  
  48  3:42  Baneling Nest  
  47  3:55  Queen  
  49  3:57  Overlord  
  49  3:58  Zergling x6  
  52  4:05  Overlord x2  
  52  4:06  Overlord  
  52  4:20  Drone x4  
  52  4:22  Extractor  
  52  4:24  Overlord  
  55  4:26  Drone x3  
  55  4:29  Spore Crawler  
  57  4:32  Drone x3  
  57  4:34  Queen  
  61  4:45  Evolution Chamber  
  61  4:47  Queen, Evolution Chamber  
  61  4:48  Zergling x2  
  61  4:49  Zergling x2  
  61  4:51  Drone x2  
  65  4:55  Evolution Chamber  
  65  4:57  Evolution Chamber  
  63  5:05  Zergling x12  
  63  5:06  Zergling x2  
  60  5:13  Drone  
  60  5:14  Drone x2  
  55  5:24  Zergling x2  
  55  5:25  Zergling x4  
  51  5:37  Zergling x10  
  56  5:49  Zergling x2  
  57  5:50  Zergling x4  
  57  6:05  Baneling x5  
  57  6:06  Zergling x6  
  57  6:10  Zergling x2  
  57  6:11  Zergling x8  
  65  6:13  Baneling x3  

Tags
 
Add a new tag
Caveats
  • Supply blocks, unpowered buildings, or Contaminate may cause inaccurate times.
  • Supply counts are checked every 10 seconds.